 Dungeon Crawl Stone Soup version 0.22-a0-479-gc6e99f3 (webtiles) character file.

39 Mamutox the Sneak (level 3, 0/16 HPs)
             Began as a Spriggan Enchanter on June 14, 2018.
             Killed from afar by Sigmund (9 damage)
             ... with a puff of flame
             ... on level 2 of the Dungeon.
             The game lasted 00:06:53 (1359 turns).

Mamutox the Sneak (Spriggan Enchanter)              Turns: 1359, Time: 00:06:53

Health: 0/16       AC:  2    Str:  4    XL:     3   Next: 26%
Magic:  8/8        EV: 19    Int: 16    God:
Gold:   76         SH:  0    Dex: 17    Spells: 5/8 levels left

rFire    . . .     SeeInvis +   a - +1 dagger
rCold    . . .     Gourm    .   (shield restricted)
rNeg     . . .     Faith    .   c - +0 robe
rPois    .         Spirit   .   (helmet restricted)
rElec    .         Reflect  .   (no cloak)
rCorr    .         Harm     .   (gloves unavailable)
MR       .....                  (boots unavailable)
Stlth    +++.......             (no amulet)
HPRegen  0.05/turn              (no ring)
MPRegen  0.11/turn              (no ring)

@: very quick
A: very small, unfitting armour, see invisible, herbivore, speed 3, slow
metabolism 2
a: no special abilities


You were on level 2 of the Dungeon.
You were not hungry.

You visited 1 branch of the dungeon, and saw 2 of its levels.

You collected 76 gold pieces.

Inventory:

Hand Weapons
 a - a +1 dagger (weapon)
 b - a +0 hunting sling
Missiles
 e - 35 stones
 h - 48 sling bullets (quivered)
Armour
 c - a +0 robe (worn)
Scrolls
 g - a scroll of teleportation {unknown}
 i - a scroll of enchant armour {unknown}
 k - a scroll of identify {unknown}
Potions
 f - 2 potions of curing {unknown}
 j - 2 potions of flight {unknown}
Comestibles
 d - 2 rations


   Skills:
 + Level 1.6 Short Blades
 - Level 0.3 Slings
 + Level 3.4 Dodging
 + Level 4.8 Stealth
 + Level 3.0 Spellcasting
 + Level 4.0 Hexes
 - Level 1.0 Ice Magic


You had 5 spell levels left.
You knew the following spells:

 Your Spells              Type           Power        Failure   Level  Hunger
a - Corona                Hex            ###....      3%          1    #......
x - Ensorcelled Hibernat  Hex/Ice        ##....       10%         2    ##.....

Your spell library contained the following spells:

 Spells                   Type           Power        Failure   Level  Hunger
 Confuse                  Hex            ###.....     11%         3    ###....
 Tukima's Dance           Hex            ###.....     11%         3    ###....
 Dazzling Spray           Conj/Hex       #.....       24%         3    ###....


Dungeon Overview and Level Annotations

Branches:
Dungeon (2/15)

Altars:

Annotations:
D:2 Sigmund


Innate Abilities, Weirdness & Mutations

You are very small and have problems with some larger weapons.
You are too small for most types of armour.
You have supernaturally acute eyesight. (SInv)
You are a herbivore.
You cover ground extremely quickly.
You need to consume almost no food.


Message History

Your Spellcasting skill increases to level 3!
You see here an adder corpse.
Found a stone staircase leading down.
Found 11 gold pieces.
You now have 76 gold pieces (gained 11).
Casting: Ensorcelled Hibernation (safe; 10% risk of failure)
Confirm with . or Enter, or press ? or * to list all spells.
Aiming: Ensorcelled Hibernation (safe; 10% risk of failure)
Press: ? - help, Shift-Dir - straight line, f - Sigmund
Aim: Sigmund, wielding a scythe and wearing a robe (chance to defeat MR: 50%)
Okay, then.
Sigmund gestures at you while chanting. The magic dart hits you!
Ouch! That really hurt!
You start resting.
Sigmund is too close now for your liking.
Sigmund gestures at you while chanting. The puff of flame hits you!
Ouch! That really hurt!
You die...

#..........#### .....@...
#.............# .........
#..........##.# .......
#........#.##>###........
#......@.#.##..(.#.......
#........#.#####..#
#####.#.......# #....
#.#.......# ##..#
#.#.....@<# ##
#.........#####
##..............
#...†....#####.
#........# #.<......#
##.###..## #.# ##.# #.#
#.#


You could see Sigmund.

Vanquished Creatures
  An adder (D:2)
  2 leopard geckos (D:1)
  6 bats (D:1)
  2 giant cockroaches (D:1)
  3 goblins
  4 hobgoblins
  A ball python (D:1)
  3 frilled lizards (D:1)
  A kobold (D:2)
  6 rats (D:1)
29 creatures vanquished.

Notes
Turn   | Place    | Note
-------+----------+-------------------------------------------
     0 | D:1      | Mamutox the Spriggan Enchanter began the quest for the Orb.
     0 | D:1      | Reached XP level 1. HP: 9/9 MP: 5/5
   242 | D:1      | Reached XP level 2. HP: 13/13 MP: 6/6
   246 | D:1      | Learned a level 2 spell: Ensorcelled Hibernation
   664 | D:1      | Reached skill level 1 in Ice Magic
  1134 | D:2      | Reached XP level 3. HP: 16/16 MP: 8/8
  1137 | D:2      | Noticed Sigmund
  1359 | D:2      | Killed from afar by Sigmund

Vault maps used:
D:1:      dpeg_arrival_tiny_a
D:2:      chequers_ecumenical_altar_simple, uniq_jessica, uniq_sigmund,
          uniq_robin

Skill      XL: |  1  2  3 |
---------------+----------+-----
Ice Magic      | 1 |  1.0
Hexes          | 4 |  4.0
Spellcasting   | 3 |  3.0
Short Blades   | |  1.6
Slings         | |  0.3
Dodging        | |  3.4
Stealth        | |  4.8

Action                   || total
-------------------------++-------
Melee: Dagger            ||    48
 Fire: Hunting sling     ||    54
 Cast: Corona            ||     3
       Ensorcelled Hiber ||     9
 Stab: Sleeping          ||     7
Armor: Robe              ||    15
Dodge: Dodged            ||    76

Table legend:
 A = Spawn XP
 B = Non-spawn XP
 C = Spawn XP percentage of total XP
 D = Spawn monster count
 E = Non-spawn monster count
 F = Spawn count percentage of total count
 G = Total turns spent on level
                    A         B        C        D         E        F      G
               +---------+---------+-------+---------+---------+-------+---------
         Total |       0 |      56 |   0.0 |       0 |      29 |   0.0 |  1359
               +---------+---------+-------+---------+---------+-------+---------
           D:1 |       0 |      38 |   0.0 |       0 |      25 |   0.0 |  1236
           D:2 |       0 |      18 |   0.0 |       0 |       4 |   0.0 |   123
               +---------+---------+-------+---------+---------+-------+---------
